 Dungeon Crawl Stone Soup version 0.28-a0-384-g9e0c098162 (webtiles) character file.

Game seed: 8609568241287840231

2 omnomnOMINOUS the Gusty (level 1, -3/11 HPs)
             Began as an Octopode Wanderer on Sept 2, 2021.
             Frozen to death by an endoplasm (5 damage)
             ... on level 1 of the Dungeon.
             The game lasted 00:00:44 (151 turns).

omnomnOMINOUS the Gusty (Octopode Wanderer)          Turns: 151, Time: 00:00:45

Health: -3/11      AC:  1    Str: 10    XL:     1   Next: 40%
Magic:  3/3        EV: 12    Int: 14    God:
Gold:   0          SH:  0    Dex: 12    Spells: 3/4 levels left

rFire   . . .      SeeInvis .   a - +0 dagger
rCold   . . .      Faith    .   (no shield)
rNeg    . . .      Spirit   .   (helmet restricted)
rPois   .          Reflect  .   (no amulet)
rElec   .          Harm     .   (no ring)
rCorr   .          Rampage  .   (no ring)
Will    .....                   (no ring)
Stlth   +++.......              (no ring)
HPRegen 0.03/turn               (no ring)
MPRegen 0.08/turn               (no ring)
                                (no ring)
                                (no ring)

@: no status effects
A: almost no armour, amphibious, 8 rings, camouflage 1, gelatinous body 1,
(nimble swimmer 1), tentacles
a: no special abilities


You were on level 1 of the Dungeon.
You visited 1 branch of the dungeon, and saw 1 of its levels.

Inventory:

Hand Weapons
 a - a +0 dagger (weapon)
Potions
 b - a potion of lignification
 c - a potion of curing


   Skills:
 + Level 0.2 Fighting
 - Level 2.0 Long Blades
 - Level 1.0 Throwing
 + Level 1.1 Dodging
 - Level 1.3 Stealth
 - Level 2.0 Spellcasting
 * Level 0.4 Conjurations
 - Level 1.0 Transmutations
 - Level 2.0 Air Magic


You had 3 spell levels left.
You knew the following spells:

 Your Spells              Type           Power      Damage    Failure   Level
a - Shock                 Conj/Air       16%        1d4       14%         1

Your spell library contained the following spells:

 Spells                   Type           Power      Damage    Failure   Level
 Static Discharge         Conj/Air       4%         N/A       22%         2
 Swiftness                Air            7%         N/A       30%         3
 Airstrike                Air            3%         N/A       71%         4


Dungeon Overview and Level Annotations

Branches:
Dungeon (1/15)

Altars:


Innate Abilities, Weirdness & Mutations

You cannot wear most types of armour.
You are amphibious.
You can wear up to eight rings at the same time.
Your skin changes colour to match your surroundings (Stealth+).
Your rubbery body absorbs attacks. (AC +1, EV +1)
((You are camouflaged near water. (Stealth+)))
You have tentacles for arms and can constrict up to eight enemies at once.


Message History

The frilled lizard bites you.
You miss the frilled lizard. You grab the frilled lizard.
You constrict the frilled lizard. The frilled lizard bites you.
You hit the frilled lizard.
You kill the frilled lizard!
The endoplasm quivers.
A goblin comes into view. It is wielding a +0 dagger.
You see here a +0 hand axe.
You barely miss the endoplasm. The endoplasm closely misses you.
You hit the endoplasm but do no damage. The endoplasm closely misses you.
You hit the endoplasm.
The endoplasm is lightly wounded.
The endoplasm freezes you.
You are frozen.
* * * LOW HITPOINT WARNING * * *
You are too injured to fight recklessly!
You are too injured to fight recklessly!
You are too injured to fight recklessly!
You are too injured to fight recklessly!
You are too injured to fight recklessly!
You are too injured to fight recklessly!
You are too injured to fight recklessly!
You are too injured to fight recklessly!
You are too injured to fight recklessly!
You are too injured to fight recklessly!
You are too injured to fight recklessly!
You are too injured to fight recklessly!
You are too injured to fight recklessly!
You are too injured to fight recklessly!
You are too injured to fight recklessly!
You are too injured to fight recklessly!
You are too injured to fight recklessly!
You are too injured to fight recklessly!
You are too injured to fight recklessly!
You are too injured to fight recklessly!
You hit the endoplasm.
The endoplasm is moderately wounded.
The endoplasm freezes you.
You are frozen.
You die...

#............#
##...........#
.#.#........##
...#........##
#..#..........#
#....[........##
##.....^.......##
#..............?#
......>....[@....#
.............J...#
.......!........#
...............#
..............##
......#.....##
.#...####### .#g


You could see an endoplasm and a goblin (asleep).

Vanquished Creatures
  A giant cockroach (D:1)
  A frilled lizard (D:1)
  A rat (D:1)
3 creatures vanquished.

Notes
Turn   | Place    | Note
-------+----------+-------------------------------------------
     0 | D:1      | omnomnOMINOUS the Octopode Wanderer began the quest for the
                  | Orb.
     0 | D:1      | omnomnOMINOUS set off with the following items: a +0
                  | dagger, a potion of lignification, a potion of curing; and
                  | the following spell memorised: Shock; and the following
                  | spells available to memorise: Static Discharge, Swiftness,
                  | Airstrike
     0 | D:1      | Reached XP level 1. HP: 11/11 MP: 3/3
   151 | D:1      | Frozen to death by an endoplasm

Illustrated notes

Levels and vault maps discovered:
D:1:      tarquinn_simple_flora_water_a, layout_rooms, serial_shops,
          nicolae_diamond_shop, hellmonk_ecumenical_altar_inner_sanctum

Action                   || total
-------------------------++-------
Melee: Dagger            ||    11
       Constrict         ||     2
Dodge: Dodged            ||     3

Table legend: (Time is in decaauts)
 A = Elapsed time spent in this place.
 B = Non-inter-level travel time spent in this place.
 C = Inter-level travel time spent in this place.
 D = Time resting spent in this place.
 E = Time spent auto-exploring this place.
 F = Levels seen in this place.
 G = Mean time per level.
                   A        B        C        D        E       F      G
               +--------+--------+--------+--------+--------+-----+--------+
         Total |    150 |    150 |      0 |      0 |    128 |   1 |  150.0 |
       Dungeon |    150 |    150 |      0 |      0 |    128 |   1 |  150.0 |
               +--------+--------+--------+--------+--------+-----+--------+

Top non-repeatable levels by time:
     D:1: 150 daAuts
